 Dungeon Crawl Stone Soup version 0.29.1-1-gd02db6906a (webtiles) character file.

Game seed: 5629068165474314392

506 LabCoat the Trooper (level 7, -2/62 HPs)
             Began as a Hill Orc Fighter on Oct 5, 2022.
             Slain by Menkaure (11 damage)
             ... on level 4 of the Dungeon.
             The game lasted 00:06:44 (2824 turns).

LabCoat the Trooper (Hill Orc Fighter)              Turns: 2824, Time: 00:06:45

Health: -2/62      AC:  8    Str: 21    XL:     7   Next: 18%
Magic:  7/7        EV: 10    Int:  8    God:
Gold:   141        SH:  5    Dex: 10    Spells: 6/6 levels left

rFire   . . .      SeeInvis .   a - +1 war axe (chaos)
rCold   . . .      Faith    .   c - +1 buckler
rNeg    . . .      Spirit   .   b - +0 scale mail
rPois   .          Reflect  .   (no helmet)
rElec   .          Harm     .   e - +0 cloak
rCorr   .          Rampage  .   (no gloves)
Will    +....                   (no boots)
Stlth   ..........              (no amulet)
HPRegen 0.20/turn               k - ring of willpower
MPRegen 0.10/turn               (no ring)

@: no status effects
A: no striking features
a: no special abilities


You were on level 4 of the Dungeon.
You visited 1 branch of the dungeon, and saw 4 of its levels.

You collected 141 gold pieces.

Inventory:

Hand Weapons
 a - a +1 war axe of chaos (weapon)
Missiles
 i - a poisoned dart (quivered)
 n - 3 boomerangs
Armour
 b - a +0 scale mail (worn)
 c - a +1 buckler (worn)
 e - a +0 cloak (worn)
Jewellery
 f - an amulet of magic regeneration
 k - a ring of willpower (left hand)
Wands
 d - a wand of flame (25)
Scrolls
 h - 2 scrolls of brand weapon
Potions
 g - 2 potions of flight
 j - 2 potions of curing
 m - a potion of resistance


   Skills:
 * Level 5.8 Fighting
 + Level 5.3 Axes
 + Level 1.7 Throwing
 * Level 4.5 Armour
 + Level 1.8 Dodging
 + Level 4.3 Shields


You had 6 spell levels left.
You didn't know any spells.
Your spell library contained the following spells:

 Spells                   Type           Power      Damage    Failure   Level
 Gell's Gravitas          Tloc           0%         N/A       99%         3
 Teleport Other           Tloc           0%         N/A       99%         3
 Dispersal                Tloc           0%         N/A       100%        6


Dungeon Overview and Level Annotations

Branches:
Dungeon (4/15)
 Temple: D:4-7

Altars:
Wu Jian

Shops:
D:1 (

Annotations:
D:1 1 transporter
D:4 Menkaure


Message History

The iguana is severely wounded.
The iguana bites you but does no damage.
You hit the iguana. You burn the iguana.
The iguana is almost dead.
The iguana bites you. The iguana bites you!
You barely miss the iguana.
The iguana is almost dead.
The iguana barely misses you.
You hit the iguana.
The iguana is poisoned.
The iguana is almost dead.
The iguana barely misses you.
You closely miss the iguana.
The iguana is almost dead.
You kill the iguana!
Found two stone staircases leading down.
Menkaure, Prince of Dust comes into view.
Menkaure casts a spell.
Menkaure seems to speed up.
Throw: 2 darts (poison)
Press: ? - help, Q - select action, (/) - cycle Shift-Dir - straight line, f - Menkaure
Aim: Menkaure (fast, 73% to hit)
You throw a poisoned dart. The poisoned dart hits Menkaure.
You closely miss Menkaure.
Menkaure calls on the powers of darkness!
Your body is wracked with pain!
You slash Menkaure!
Menkaure is heavily damaged.
Menkaure closely misses you.
Menkaure calls on the powers of darkness!
Your body is wracked with pain!
* * * LOW HITPOINT WARNING * * *
Unknown command.
You feel better. You block Menkaure's attack. Menkaure barely misses you.
You barely miss Menkaure.
Menkaure is heavily damaged.
Menkaure hits you!
* * * LOW HITPOINT WARNING * * *
Menkaure hits you!
You die...

....# #...............#
....# #..........>....#
....# #........########
....# #........# #####
........# ...# ........#
. ##.#####.(......# ...
##.#............###.....
...............M@.......
.......>................
.....<.....####.........
...........####...(.....
.................?......
#####...................
#...................
#......####......##.
#......# .


You could see Menkaure (fast).

Vanquished Creatures
  Sigmund (D:2)
  A necrophage (D:4)
  A hound (D:4)
  2 orc priests (D:4)
  A jelly (D:4)
  2 iguanas (D:4)
  An orc wizard (D:4)
  3 adders
  3 dart slugs
  5 orcs (D:4)
  6 endoplasms
  3 giant cockroaches
  4 goblins
  8 hobgoblins
  5 kobolds
  2 quokkas
  4 ball pythons
  10 bats
  2 frilled lizards
  6 rats
70 creatures vanquished.

Notes
Turn   | Place    | Note
-------+----------+-------------------------------------------
     0 | D:1      | LabCoat the Hill Orc Fighter began the quest for the Orb.
     0 | D:1      | Reached XP level 1. HP: 19/19 MP: 1/1
    50 | D:1      | Reached XP level 2. HP: 26/27 MP: 2/2
    65 | D:1      | Found Fazxuir's Weapon Shoppe.
   417 | D:1      | Reached XP level 3. HP: 22/33 MP: 3/3
   417 | D:1      | You fall into a shaft and drop 1 floor!
   788 | D:2      | Found a faded altar of an unknown god.
  1070 | D:2      | Noticed Sigmund
  1079 | D:2      | Killed Sigmund
  1080 | D:2      | Reached skill level 1 in Throwing
  1080 | D:2      | Reached skill level 1 in Dodging
  1080 | D:2      | Reached XP level 4. HP: 39/41 MP: 4/4
  1080 | D:2      | Reached XP level 5. HP: 45/47 MP: 5/5
  1409 | D:2      | Reached skill level 5 in Fighting
  1878 | D:3      | Found an ornate altar of the Wu Jian Council.
  2202 | D:4      | Reached XP level 6. HP: 41/55 MP: 6/6
  2211 | D:4      | Reached skill level 5 in Axes
  2386 | D:4      | Reached XP level 7. HP: 55/61 MP: 7/7
  2817 | D:4      | Noticed Menkaure
  2824 | D:4      | Slain by Menkaure

Illustrated notes

Levels and vault maps discovered:
D:1:      spicycebolla_arrival_risky_transporter, layout_rooms, serial_shops,
          shop, minmay_pentomino_w4
D:2:      layout_loops_corners, chequers_ecumenical_altar_simple, uniq_sigmund
D:3:      layout_rooms, nicolae_wu_jian_immortal_techniques
D:4:      layout_basic, serial_park_tiny_pond, roderic_batcave,
          hangedman_decor_clover_reticule, uniq_menkaure

Skill      XL: |  1  2  3  4  5  6 |
---------------+-------------------+-----
Axes           | 3 4 5 |  5.3
Fighting       | 4 5 |  5.8
Throwing       | 1 |  1.7
Dodging        | 1 |  1.8
Armour         | 4 |  4.5
Shields        | 4 |  4.3

Action                   |  1- 3 |  4- 6 |  7- 9 || total
-------------------------+-------+-------+-------++-------
Melee: War axe           |    73 |    62 |    36 ||   171
Throw: Dart              |     2 |       |     3 ||     5
  Use: Scroll            |     7 |     6 |     1 ||    14
       Potion            |     1 |     1 |     1 ||     3
 Stab: Paralysed         |     1 |       |       ||     1
Armor: Scale mail        |    38 |    32 |    21 ||    91
Dodge: Dodged            |    31 |    30 |    23 ||    84
Block: Buckler           |    13 |    15 |    16 ||    44
